Devils vs Avalanches

Created - 8 janvier 2022 at 17:49

Goals
1 2 3 OT1 T
Devils 1 1 2 1 5
Avalanches 1 3 0 0 4
Shots
1 2 3 OT1 T
Devils 9 11 13 2 35
Avalanches 13 13 7 1 34

GoalsPenalties
1st period
1. Devils , Josh Morrissey 5 (Dryden Hunt 1, Jimmy Vesey 1) at 2:39
2. Avalanches , T.J. Oshie 10 (Pius Suter 12, John Moore 9) at 12:37
Rickard Rakell (NJD) for Interference (Minor) at 8:43
Mason Appleton (NJD) for Roughing (Minor) at 13:29
2nd period
3. Devils , Jason Spezza 11 (Josh Morrissey 25, Tyler Johnson 10) at 4:12
4. Avalanches , Pius Suter 15 (Josh Manson 17) at 5:15
5. Avalanches , Alex Galchenyuk 5 (Josh Manson 18, Nick Bjugstad 6) at 14:25
6. Avalanches , Colin Wilson 3 (Adam Larsson 11) at 18:12
Colin Miller (NJD) for Hooking (Minor) at 1:53
Boone Jenner (COL) for Hooking (Minor) at 5:27
Travis Dermott (NJD) for Cross-checking (Minor) at 9:46
3rd period
7. Devils , Rickard Rakell 14 (Sean Monahan 16, Josh Morrissey 26) at 8:51
8. Devils , Sean Monahan 12 (Charlie McAvoy 23) at 12:06
Johnny Boychuk (NJD) for Cross-checking (Minor) at 1:48
Travis Dermott (NJD) for Boarding (Minor) at 14:54
Ryan Donato (COL) for Cross-checking (Minor) at 19:01
Overtime #1
9. Devils , Sean Monahan 13 (Charlie McAvoy 24, Rickard Rakell 17) at 3:06
No Penalty
Goalie Stats
Braden Holtby (NJD), 30 saves from 34 shots - (0,882), W, 5-5-2, 63:07 minutes
Robin Lehner (COL), 30 saves from 35 shots - (0,857), OTL, 13-11-4, 63:07 minutes
3 StarsOfficial
1 - Sean Monahan (NJD)
2 - Josh Morrissey (NJD)
3 - Rickard Rakell (NJD)
Referees : Mark Lemelin and Kyle Rehman
Linesman : Darren Gibbs and Scott Cherrey
Game Note
No Game Note



Team Name Goals Shots Shots Attemp Shots Blocked PIM HIT PP PK FO%
Devils 53569912230 / 2 (0%)041%
Avalanches 43477124280 / 6 (0%)059%

Devils
Player Name POS G A P +/- PIM HIT SHT SB MP PP MP PP SHT PK MP PK SHT FO% FOT
Andreas JohnssonLW/RW0001023015:322:0200:000100% 1
Charlie McAvoyD0221033427:352:0206:3000% 0
Colin MillerD0002210020:090:0004:0500% 0
Dryden HuntLW011002104:470:0000:1400% 0
Jason SpezzaC/RW1011002015:322:0200:00050% 14
Jimmy VeseyLW/RW0110000010:160:0005:43033% 6
Johnny BoychukD000-2210118:360:5505:2100% 0
Josh MorrisseyD1232004119:052:0210:0000% 0
Juho LammikkoC000000004:330:0000:0000% 0
Mason AppletonC/LW/RW000-3213012:280:0000:0000% 0
Matt GrzelcykD0000011023:040:5503:4600% 0
Mattias JanmarkC/LW/RW000-3011118:400:0006:1100% 0
Nicolas RoyC000-3013019:180:0005:29145% 38
Rickard RakellC/LW/RW1123234017:180:5500:00050% 2
Sean MonahanC2133056123:300:5506:11032% 28
Tim StutzleLW0002002017:090:5500:0000% 2
Travis DermottD000-2410115:350:0004:0600% 0
Tyler JohnsonC/LW/RW0111012015:152:0200:0000% 0
Avalanches
Player Name POS G A P +/- PIM HIT SHT SB MP PP MP PP SHT PK MP PK SHT FO% FOT
Adam LarssonD0110011214:070:0002:0200% 0
Alex GalchenyukC/LW101-1013012:125:3510:0000% 0
Alex GoligoskiD000-1011226:456:1711:5600% 0
Boone JennerC/LW000-1223022:055:1700:00069% 32
Colin WilsonC/LW/RW101101307:040:0000:0000% 0
Derek RyanC/RW0001005015:346:3721:53071% 14
Eric StaalC000-100006:370:0000:00017% 6
James NealLW/RW000-1040016:120:0000:000100% 1
James van RiemsdykLW000-2013024:225:3531:2800% 0
Jarred TinordiD0000050012:050:0000:0000% 0
John MooreD0110021121:165:3700:0000% 0
Josh MansonD0220023226:376:1731:5600% 0
Nick BjugstadC/RW011-100006:370:0000:0000% 0
Pavel ZachaC/LW0001032124:576:3712:05053% 36
Pius SuterC1121015020:335:1730:000100% 1
Robert HaggD0000021223:185:3712:0200% 0
Ryan DonatoC/LW000120007:470:4400:0000% 0
T.J. OshieLW/RW1010023218:140:0001:2900% 1

Devils

5 vs 5 Forward
Line #Left WingCenterRight WingPHYDFOFWanted %Time %Time Play
1Tim StutzleSean MonahanRickard Rakell0143233%14:54
2Mattias JanmarkNicolas RoyMason Appleton1312928%12:29
3Andreas JohnssonJason SpezzaTyler Johnson0142929%13:13
4Juho LammikkoJimmy VeseyDryden Hunt1311010%4:33
5 vs 5 Defense
Line #DefenseDefensePHYDFOFWanted %Time %Time Play
1Charlie McAvoyMatt Grzelcyk1224239%17:33
2Josh MorrisseyColin Miller1223736%16:05
3Johnny BoychukTravis Dermott2302126%11:31
4Charlie McAvoyJosh Morrissey12200%0:00
Power Play Forward
Line #Left WingCenterRight WingPHYDFOFWanted %Time %Time Play
1Rickard RakellSean MonahanTim Stutzle0055931%0:55
2Tyler JohnsonJason SpezzaAndreas Johnsson0234169%2:02
Power Play Defense
Line #DefenseDefensePHYDFOFWanted %Time %Time Play
1Charlie McAvoyJosh Morrissey0145969%2:02
2Johnny BoychukMatt Grzelcyk1224131%0:55
Penalty Kill 4 Players Forward
Line #CenterWingPHYDFOFWanted %Time %Time Play
1Nicolas RoyJimmy Vesey1225048%5:43
2Sean MonahanMattias Janmark1225052%6:11
Penalty Kill 4 Players Defense
Line #DefenseDefensePHYDFOFWanted %Time %Time Play
1Charlie McAvoyTravis Dermott1225059%7:04
2Johnny BoychukColin Miller1225041%4:50
Penalty Kill 3 Players
Line #WingPHYDFOFWanted %Time %Time PlayDefenseDefensePHYDFOFWanted %Time %Time Play
1Nicolas Roy122500%0:00 Charlie McAvoyTravis Dermott122500%0:00
2Mattias Janmark122500%0:00 Johnny BoychukColin Miller122500%0:00
4 vs 4 Forward
Line #CenterWingPHYDFOFWanted %Time %Time Play
1Sean MonahanRickard Rakell1225018%0:11
2Nicolas RoyTim Stutzle1225082%0:50
4 vs 4 Defense
Line #DefensePHYDFOFWanted %Time %Time Play
1Charlie McAvoyJosh Morrissey1225018%50% - 0:11
2Johnny BoychukMatt Grzelcyk1225082%50% - 0:50
Last Minutes Offensive
Left WingCenterRight WingDefenseDefense
Rickard RakellSean MonahanTim StutzleCharlie McAvoyJosh Morrissey
Last Minutes Defensive
Left WingCenterRight WingDefenseDefense
Jimmy VeseyNicolas RoyMattias JanmarkCharlie McAvoyTravis Dermott
Time
Total ForwardTotal DefenseLast Minutes OffensiveLast Minutes Defensive
61:01 61:01 0:000:00
Extra Forwards
Normal PowerPlayPenalty Kill
Andreas Johnsson, Tyler Johnson, Mattias JanmarkAndreas Johnsson, Tyler JohnsonDryden Hunt
Extra Defensemen
Normal PowerPlayPenalty Kill
Travis Dermott, Matt Grzelcyk, Johnny BoychukTravis Dermott, Matt GrzelcykJohnny Boychuk
Penalty Shots
Sean Monahan, Rickard Rakell, Tim Stutzle, Tyler Johnson, Mattias Janmark
Goalie
Braden Holtby, Alex Nedeljkovic
Custom OT Lines Forwards
Sean Monahan, Rickard Rakell, Nicolas Roy, Tim Stutzle, Andreas Johnsson, Jason Spezza, Tyler Johnson, Mattias Janmark, Jimmy Vesey, Dryden Hunt
Custom OT Lines Defensemen
Charlie McAvoy, Josh Morrissey, Matt Grzelcyk, Colin Miller, Travis Dermott
Scratches
Kevin Stenlund (Healthy), Luke Schenn (Healthy), Malcolm Subban (Healthy)

Avalanches

5 vs 5 Forward
Line #Left WingCenterRight WingPHYDFOFWanted %Time %Time Play
1James van RiemsdykBoone JennerJames Neal0323536%16:12
2Pius SuterPavel ZachaT.J. Oshie0143534%15:16
3Ryan DonatoDerek RyanColin Wilson1312016%7:04
4Alex GalchenyukEric StaalNick Bjugstad2301015%6:37
5 vs 5 Defense
Line #DefenseDefensePHYDFOFWanted %Time %Time Play
1Josh MansonAlex Goligoski1133532%14:23
2Robert HaggJohn Moore1223535%15:39
3Adam LarssonJarred Tinordi4101527%12:05
4Josh MansonAlex Goligoski113157%3:02
Power Play Forward
Line #Left WingCenterRight WingPHYDFOFWanted %Time %Time Play
1James van RiemsdykPavel ZachaDerek Ryan0146056%6:37
2Alex GalchenyukBoone JennerPius Suter0144044%5:17
Power Play Defense
Line #DefenseDefensePHYDFOFWanted %Time %Time Play
1Josh MansonAlex Goligoski0146053%6:17
2John MooreRobert Hagg0144047%5:37
Penalty Kill 4 Players Forward
Line #CenterWingPHYDFOFWanted %Time %Time Play
1Pavel ZachaT.J. Oshie0415050%1:29
2Derek RyanJames van Riemsdyk0415050%1:28
Penalty Kill 4 Players Defense
Line #DefenseDefensePHYDFOFWanted %Time %Time Play
1Josh MansonAlex Goligoski1405545%1:20
2Adam LarssonRobert Hagg1404555%1:37
Penalty Kill 3 Players
Line #WingPHYDFOFWanted %Time %Time PlayDefenseDefensePHYDFOFWanted %Time %Time Play
1Pavel Zacha0415059%0:36 Josh MansonAlex Goligoski1405059%0:36
2Derek Ryan0415041%0:25 Adam LarssonRobert Hagg1405041%0:25
4 vs 4 Forward
Line #CenterWingPHYDFOFWanted %Time %Time Play
1Pavel ZachaT.J. Oshie014550%0:00
2Pius SuterJames van Riemsdyk014450%0:00
4 vs 4 Defense
Line #DefensePHYDFOFWanted %Time %Time Play
1Josh MansonAlex Goligoski023600%0:00
2John MooreRobert Hagg122400%0:00
Last Minutes Offensive
Left WingCenterRight WingDefenseDefense
James van RiemsdykPavel ZachaT.J. OshieJosh MansonAlex Goligoski
Last Minutes Defensive
Left WingCenterRight WingDefenseDefense
Pavel ZachaBoone JennerDerek RyanJosh MansonAlex Goligoski
Time
Total ForwardTotal DefenseLast Minutes OffensiveLast Minutes Defensive
61:01 61:01 0:000:00
Extra Forwards
Normal PowerPlayPenalty Kill
T.J. Oshie, Pavel Zacha, James van RiemsdykJames van Riemsdyk, Pavel ZachaPavel Zacha
Extra Defensemen
Normal PowerPlayPenalty Kill
Josh Manson, Alex Goligoski, Adam LarssonAlex Goligoski, Alex GoligoskiAdam Larsson
Penalty Shots
T.J. Oshie, Pius Suter, Pavel Zacha, Alex Galchenyuk, James van Riemsdyk
Goalie
Robin Lehner, Jaroslav Halak
Custom OT Lines Forwards
T.J. Oshie, Pavel Zacha, James van Riemsdyk, Boone Jenner, Pius Suter, Eric Staal, Alex Galchenyuk, James Neal, Derek Ryan, Nick Bjugstad
Custom OT Lines Defensemen
Josh Manson, Alex Goligoski, Adam Larsson, John Moore, Robert Hagg
Scratches
Zach Whitecloud (Healthy), Justin Williams (Healthy), Adin Hill (Healthy)


Play-by-Play

1st period


0:01 of 1st period - Rickard Rakell wins face-off versus Boone Jenner in neutral zone.
1:23 of 1st period - Shot by Mason Appleton.
1:23 of 1st period - Shot Misses the Net.
1:25 of 1st period - Shot by Nicolas Roy.
1:25 of 1st period - Shot Misses the Net.
1:29 of 1st period - Shot by Mason Appleton.
1:29 of 1st period - Stopped by Robin Lehner without a rebound.
1:30 of 1st period - Derek Ryan wins face-off versus Jason Spezza in Avalanches zone.
1:45 of 1st period - Shot by Jarred Tinordi.
1:45 of 1st period - Shot Misses the Net.
2:07 of 1st period - Shot by Colin Wilson.
2:07 of 1st period - Shot Misses the Net.
2:09 of 1st period - Shot by Adam Larsson.
2:09 of 1st period - Stopped by Braden Holtby without a rebound.
2:10 of 1st period - Jimmy Vesey wins face-off versus Eric Staal in Devils zone.
2:39 of 1st period - Shot by Josh Morrissey.
2:39 of 1st period - Goal by Josh Morrissey - Devils : 1 - Avalanches : 0.
2:40 of 1st period - Nicolas Roy wins face-off versus Pavel Zacha in neutral zone.
2:40 of 1st period - Charlie McAvoy is hit by Pavel Zacha and loses puck.
2:47 of 1st period - Shot by Mattias Janmark.
2:47 of 1st period - Shot Blocked by Robert Hagg.
2:49 of 1st period - Shot by Nicolas Roy.
2:49 of 1st period - Shot Misses the Net.
2:51 of 1st period - Shot by Mattias Janmark.
2:51 of 1st period - Shot Blocked by T.J. Oshie.
2:53 of 1st period - Shot by Mason Appleton.
2:53 of 1st period - Shot Misses the Net.
2:58 of 1st period - Mattias Janmark is hit by John Moore and loses puck.
3:17 of 1st period - Charlie McAvoy is hit by T.J. Oshie and loses puck.
3:55 of 1st period - Shot by Jason Spezza.
3:55 of 1st period - Stopped by Robin Lehner without a rebound.
3:56 of 1st period - Sean Monahan wins face-off versus Boone Jenner in Avalanches zone.
4:06 of 1st period - Shot by Rickard Rakell.
4:06 of 1st period - Shot Misses the Net.
4:36 of 1st period - Josh Manson is hit by Sean Monahan and loses puck.
6:48 of 1st period - Shot by Tim Stutzle.
6:48 of 1st period - Stopped by Robin Lehner without a rebound.
6:49 of 1st period - Boone Jenner wins face-off versus Sean Monahan in Avalanches zone.
6:54 of 1st period - Johnny Boychuk is hit by James Neal and loses puck.
7:15 of 1st period - Icing by Alex Goligoski.
7:16 of 1st period - Boone Jenner wins face-off versus Jimmy Vesey in Avalanches zone.
7:16 of 1st period - Boone Jenner is hit by Dryden Hunt.
7:19 of 1st period - Josh Manson is hit by Dryden Hunt and loses puck.
7:34 of 1st period - Jimmy Vesey is hit by Alex Goligoski and loses puck.
7:37 of 1st period - Shot by Dryden Hunt.
7:37 of 1st period - Stopped by Robin Lehner without a rebound.
7:38 of 1st period - Jason Spezza wins face-off versus Pavel Zacha in Avalanches zone.
7:39 of 1st period - Shot by Andreas Johnsson.
7:39 of 1st period - Shot Misses the Net.
7:58 of 1st period - Shot by Jason Spezza.
7:58 of 1st period - Shot Blocked by Pavel Zacha.
8:18 of 1st period - Pavel Zacha is hit by Andreas Johnsson and loses puck.
8:30 of 1st period - Icing by Charlie McAvoy.
8:31 of 1st period - Jason Spezza wins face-off versus Boone Jenner in Devils zone.
8:43 of 1st period - Minor Penalty to Rickard Rakell for Interference.
8:44 of 1st period - Pavel Zacha wins face-off versus Nicolas Roy in Devils zone.
9:01 of 1st period - Shot by Derek Ryan.
9:01 of 1st period - Stopped by Braden Holtby without a rebound.
9:02 of 1st period - Boone Jenner wins face-off versus Sean Monahan in Devils zone.
9:03 of 1st period - Shot by Robert Hagg.
9:03 of 1st period - Stopped by Braden Holtby without a rebound.
9:04 of 1st period - Sean Monahan wins face-off versus Boone Jenner in Devils zone.
9:11 of 1st period - Shot by Josh Manson.
9:11 of 1st period - Stopped by Braden Holtby with a rebound.
9:13 of 1st period - Shot by Pius Suter.
9:13 of 1st period - Stopped by Braden Holtby without a rebound.
9:14 of 1st period - Sean Monahan wins face-off versus Pavel Zacha in Devils zone.
9:26 of 1st period - James van Riemsdyk is hit by Charlie McAvoy and loses puck.
9:29 of 1st period - Shot by Alex Goligoski.
9:29 of 1st period - Shot Misses the Net.
9:31 of 1st period - Shot by Derek Ryan.
9:31 of 1st period - Stopped by Braden Holtby with a rebound.
9:33 of 1st period - Shot by Alex Goligoski.
9:33 of 1st period - Shot Misses the Net.
9:35 of 1st period - Shot by Alex Goligoski.
9:35 of 1st period - Stopped by Braden Holtby without a rebound.
9:36 of 1st period - Boone Jenner wins face-off versus Nicolas Roy in Devils zone.
9:36 of 1st period - Boone Jenner is hit by Johnny Boychuk.
10:44 of 1st period - Colin Miller is hit by Jarred Tinordi and loses puck.
11:47 of 1st period - Shot by Sean Monahan.
11:47 of 1st period - Deflect By Tim Stutzle.
11:47 of 1st period - Shot Misses the Net.
11:49 of 1st period - Shot by Rickard Rakell.
11:49 of 1st period - Shot Blocked by Alex Goligoski.
11:51 of 1st period - Shot by Tim Stutzle.
11:51 of 1st period - Deflect By Rickard Rakell.
11:51 of 1st period - Stopped by Robin Lehner with a rebound.
11:56 of 1st period - Rickard Rakell is hit by Josh Manson and loses puck.
12:17 of 1st period - Shot by Sean Monahan.
12:17 of 1st period - Shot Misses the Net.
12:19 of 1st period - Shot by Rickard Rakell.
12:19 of 1st period - Stopped by Robin Lehner without a rebound.
12:20 of 1st period - Pavel Zacha wins face-off versus Nicolas Roy in Avalanches zone.
12:37 of 1st period - Shot by T.J. Oshie.
12:37 of 1st period - Goal by T.J. Oshie - Devils : 1 - Avalanches : 1.
12:38 of 1st period - Eric Staal wins face-off versus Jimmy Vesey in neutral zone.
13:11 of 1st period - Jimmy Vesey is hit by Jarred Tinordi and loses puck.
13:27 of 1st period - Off-side.
13:28 of 1st period - Pavel Zacha wins face-off versus Nicolas Roy in neutral zone.
13:28 of 1st period - Pavel Zacha is hit by Mason Appleton.
13:29 of 1st period - Minor Penalty to Mason Appleton for Roughing.
13:30 of 1st period - Pavel Zacha wins face-off versus Sean Monahan in Devils zone.
13:39 of 1st period - Shot by Alex Goligoski.
13:39 of 1st period - Shot Misses the Net.
13:46 of 1st period - Icing by Alex Goligoski.
13:47 of 1st period - Pavel Zacha wins face-off versus Nicolas Roy in Avalanches zone.
13:54 of 1st period - Shot by Josh Manson.
13:54 of 1st period - Shot Misses the Net.
14:16 of 1st period - Shot by James van Riemsdyk.
14:16 of 1st period - Stopped by Braden Holtby without a rebound.
14:17 of 1st period - Boone Jenner wins face-off versus Nicolas Roy in Devils zone.
14:34 of 1st period - Mattias Janmark is hit by Pius Suter and loses puck.
15:10 of 1st period - Shot by Josh Manson.
15:10 of 1st period - Stopped by Braden Holtby without a rebound.
15:11 of 1st period - Nicolas Roy wins face-off versus Pavel Zacha in Devils zone.
15:30 of 1st period - Shot by Derek Ryan.
15:30 of 1st period - Shot Blocked by Josh Morrissey.
16:22 of 1st period - Alex Goligoski is hit by Tyler Johnson.
16:50 of 1st period - Shot by Tim Stutzle.
16:50 of 1st period - Shot Misses the Net.
16:52 of 1st period - Shot by Charlie McAvoy.
16:52 of 1st period - Shot Misses the Net.
17:08 of 1st period - Shot by Sean Monahan.
17:08 of 1st period - Stopped by Robin Lehner without a rebound.
17:09 of 1st period - Boone Jenner wins face-off versus Nicolas Roy in Avalanches zone.
17:18 of 1st period - Shot by Boone Jenner.
17:18 of 1st period - Shot Misses the Net.
17:27 of 1st period - Mattias Janmark is hit by Robert Hagg and loses puck.
17:47 of 1st period - Icing by Mason Appleton.
17:48 of 1st period - Nicolas Roy wins face-off versus Eric Staal in Devils zone.
18:05 of 1st period - Shot by Adam Larsson.
18:05 of 1st period - Shot Misses the Net.
18:07 of 1st period - Shot by Alex Galchenyuk.
18:07 of 1st period - Stopped by Braden Holtby without a rebound.
18:08 of 1st period - Pavel Zacha wins face-off versus Sean Monahan in Devils zone.
18:08 of 1st period - Pavel Zacha is hit by Charlie McAvoy.
18:12 of 1st period - Shot by Pius Suter.
18:12 of 1st period - Deflect By T.J. Oshie.
18:12 of 1st period - Shot Blocked by Charlie McAvoy.
18:14 of 1st period - Shot by T.J. Oshie.
18:14 of 1st period - Stopped by Braden Holtby without a rebound.
18:15 of 1st period - Boone Jenner wins face-off versus Sean Monahan in Devils zone.
18:16 of 1st period - Shot by James van Riemsdyk.
18:16 of 1st period - Shot Misses the Net.
18:49 of 1st period - Tim Stutzle is hit by James Neal and loses puck.
19:07 of 1st period - Icing by Matt Grzelcyk.
19:08 of 1st period - Pavel Zacha wins face-off versus Tim Stutzle in Devils zone.
19:09 of 1st period - Shot by T.J. Oshie.
19:09 of 1st period - Stopped by Braden Holtby without a rebound.
19:10 of 1st period - Nicolas Roy wins face-off versus Pavel Zacha in Devils zone.
19:10 of 1st period - Nicolas Roy is hit by T.J. Oshie.
19:28 of 1st period - Shot by Nicolas Roy.
19:28 of 1st period - Stopped by Robin Lehner without a rebound.
19:29 of 1st period - Derek Ryan wins face-off versus Jason Spezza in Avalanches zone.
19:37 of 1st period - Andreas Johnsson is hit by Adam Larsson and loses puck.
Goals for this period are 1 for Devils vs 1 for Avalanches.
Shots for this period are 9 for Devils vs 13 for Avalanches.

2nd period


0:01 of 2nd period - Nicolas Roy wins face-off versus Pavel Zacha in neutral zone.
0:03 of 2nd period - Off-side.
0:04 of 2nd period - Nicolas Roy wins face-off versus Pavel Zacha in neutral zone.
0:21 of 2nd period - Shot by Mason Appleton.
0:21 of 2nd period - Stopped by Robin Lehner without a rebound.
0:22 of 2nd period - Boone Jenner wins face-off versus Sean Monahan in Avalanches zone.
0:22 of 2nd period - James van Riemsdyk is hit by Sean Monahan and loses puck.
1:12 of 2nd period - Off-side.
1:13 of 2nd period - Nicolas Roy wins face-off versus Pavel Zacha in neutral zone.
1:18 of 2nd period - Shot by Nicolas Roy.
1:18 of 2nd period - Deflect By Mattias Janmark.
1:18 of 2nd period - Stopped by Robin Lehner without a rebound.
1:19 of 2nd period - Pavel Zacha wins face-off versus Nicolas Roy in Avalanches zone.
1:51 of 2nd period - Icing by Colin Miller.
1:52 of 2nd period - Derek Ryan wins face-off versus Nicolas Roy in Devils zone.
1:52 of 2nd period - Derek Ryan is hit by Colin Miller.
1:53 of 2nd period - Minor Penalty to Colin Miller for Hooking.
1:54 of 2nd period - Nicolas Roy wins face-off versus Pavel Zacha in Devils zone.
2:32 of 2nd period - Shot by Josh Manson.
2:32 of 2nd period - Stopped by Braden Holtby without a rebound.
2:33 of 2nd period - Boone Jenner wins face-off versus Sean Monahan in Devils zone.
2:36 of 2nd period - Shot by John Moore.
2:36 of 2nd period - Shot Blocked by Sean Monahan.
2:46 of 2nd period - Shot by Boone Jenner.
2:46 of 2nd period - Shot Misses the Net.
2:54 of 2nd period - Sean Monahan is hit by Boone Jenner and loses puck.
3:25 of 2nd period - Nicolas Roy is hit by James van Riemsdyk and loses puck.
3:32 of 2nd period - Shot by James van Riemsdyk.
3:32 of 2nd period - Stopped by Braden Holtby without a rebound.
3:33 of 2nd period - Pavel Zacha wins face-off versus Sean Monahan in Devils zone.
3:34 of 2nd period - Shot by Alex Goligoski.
3:34 of 2nd period - Shot Misses the Net.
3:57 of 2nd period - Nick Bjugstad is hit by Andreas Johnsson and loses puck.
4:12 of 2nd period - Shot by Jason Spezza.
4:12 of 2nd period - Goal by Jason Spezza - Devils : 2 - Avalanches : 1.
4:13 of 2nd period - Boone Jenner wins face-off versus Sean Monahan in neutral zone.
4:39 of 2nd period - Icing by Matt Grzelcyk.
4:40 of 2nd period - Pavel Zacha wins face-off versus Sean Monahan in Devils zone.
4:42 of 2nd period - T.J. Oshie is hit by Charlie McAvoy.
4:48 of 2nd period - Pius Suter is hit by Rickard Rakell and loses puck.
5:15 of 2nd period - Shot by Pius Suter.
5:15 of 2nd period - Goal by Pius Suter - Devils : 2 - Avalanches : 2.
5:16 of 2nd period - Derek Ryan wins face-off versus Nicolas Roy in neutral zone.
5:19 of 2nd period - Shot by Robert Hagg.
5:19 of 2nd period - Shot Misses the Net.
5:21 of 2nd period - Shot by John Moore.
5:21 of 2nd period - Shot Blocked by Mattias Janmark.
5:23 of 2nd period - Shot by Colin Wilson.
5:23 of 2nd period - Shot Misses the Net.
5:25 of 2nd period - Shot by Derek Ryan.
5:25 of 2nd period - Stopped by Braden Holtby without a rebound.
5:26 of 2nd period - Jason Spezza wins face-off versus Boone Jenner in Devils zone.
5:26 of 2nd period - Jason Spezza is hit by Boone Jenner.
5:27 of 2nd period - Minor Penalty to Boone Jenner for Hooking.
5:28 of 2nd period - Jason Spezza wins face-off versus Derek Ryan in Avalanches zone.
5:29 of 2nd period - Shot by Josh Morrissey.
5:29 of 2nd period - Shot Misses the Net.
5:45 of 2nd period - Shot by Josh Morrissey.
5:45 of 2nd period - Shot Blocked by Adam Larsson.
5:51 of 2nd period - Shot by Josh Morrissey.
5:51 of 2nd period - Shot Misses the Net.
6:01 of 2nd period - Shot by Josh Morrissey.
6:01 of 2nd period - Shot Blocked by Robert Hagg.
6:03 of 2nd period - Shot by Josh Morrissey.
6:03 of 2nd period - Stopped by Robin Lehner without a rebound.
6:04 of 2nd period - Derek Ryan wins face-off versus Tim Stutzle in Avalanches zone.
6:04 of 2nd period - Derek Ryan is hit by Rickard Rakell.
7:29 of 2nd period - Colin Miller is hit by Josh Manson and loses puck.
8:02 of 2nd period - Shot by Alex Galchenyuk.
8:02 of 2nd period - Shot Misses the Net.
9:45 of 2nd period - James van Riemsdyk is hit by Travis Dermott.
9:46 of 2nd period - Minor Penalty to Travis Dermott for Cross-checking.
9:47 of 2nd period - Sean Monahan wins face-off versus Boone Jenner in Devils zone.
10:17 of 2nd period - Shot by Pius Suter.
10:17 of 2nd period - Shot Misses the Net.
10:19 of 2nd period - Shot by Pius Suter.
10:19 of 2nd period - Stopped by Braden Holtby without a rebound.
10:20 of 2nd period - Nicolas Roy wins face-off versus Pavel Zacha in Devils zone.
10:49 of 2nd period - Shot by Nicolas Roy.
10:49 of 2nd period - Stopped by Robin Lehner without a rebound.
10:50 of 2nd period - Boone Jenner wins face-off versus Sean Monahan in Avalanches zone.
11:15 of 2nd period - Shot by Pius Suter.
11:15 of 2nd period - Stopped by Braden Holtby without a rebound.
11:16 of 2nd period - Nicolas Roy wins face-off versus Pavel Zacha in Devils zone.
11:16 of 2nd period - Nicolas Roy is hit by Pavel Zacha.
11:29 of 2nd period - Shot by Derek Ryan.
11:29 of 2nd period - Shot Misses the Net.
11:33 of 2nd period - Shot by Pavel Zacha.
11:33 of 2nd period - Stopped by Braden Holtby without a rebound.
11:34 of 2nd period - Pavel Zacha wins face-off versus Sean Monahan in Devils zone.
11:37 of 2nd period - Shot by James van Riemsdyk.
11:37 of 2nd period - Shot Misses the Net.
11:39 of 2nd period - Shot by Pavel Zacha.
11:39 of 2nd period - Shot Misses the Net.
11:41 of 2nd period - Shot by James van Riemsdyk.
11:41 of 2nd period - Stopped by Braden Holtby without a rebound.
11:42 of 2nd period - Boone Jenner wins face-off versus Nicolas Roy in Devils zone.
11:51 of 2nd period - Nick Bjugstad is hit by Sean Monahan and loses puck.
11:56 of 2nd period - Shot by Sean Monahan.
11:56 of 2nd period - Stopped by Robin Lehner without a rebound.
11:57 of 2nd period - Pavel Zacha wins face-off versus Jason Spezza in Avalanches zone.
12:08 of 2nd period - Shot by Tyler Johnson.
12:08 of 2nd period - Stopped by Robin Lehner without a rebound.
12:09 of 2nd period - Boone Jenner wins face-off versus Sean Monahan in Avalanches zone.
13:17 of 2nd period - Charlie McAvoy is hit by John Moore and loses puck.
13:51 of 2nd period - Andreas Johnsson is hit by Jarred Tinordi.
14:02 of 2nd period - Off-side.
14:03 of 2nd period - Nicolas Roy wins face-off versus Eric Staal in neutral zone.
14:06 of 2nd period - Shot by Mattias Janmark.
14:06 of 2nd period - Shot Misses the Net.
14:23 of 2nd period - Shot by Josh Manson.
14:23 of 2nd period - Shot Blocked by Johnny Boychuk.
14:25 of 2nd period - Shot by Alex Galchenyuk.
14:25 of 2nd period - Goal by Alex Galchenyuk - Devils : 2 - Avalanches : 3.
14:26 of 2nd period - Boone Jenner wins face-off versus Jimmy Vesey in neutral zone.
15:04 of 2nd period - Juho Lammikko is hit by Jarred Tinordi.
15:10 of 2nd period - Jimmy Vesey is hit by James Neal and loses puck.
16:47 of 2nd period - Shot by Andreas Johnsson.
16:47 of 2nd period - Stopped by Robin Lehner without a rebound.
16:48 of 2nd period - Sean Monahan wins face-off versus Derek Ryan in Avalanches zone.
17:12 of 2nd period - Shot by Colin Wilson.
17:12 of 2nd period - Stopped by Braden Holtby without a rebound.
17:13 of 2nd period - Jimmy Vesey wins face-off versus Boone Jenner in Devils zone.
17:17 of 2nd period - Icing by Dryden Hunt.
17:18 of 2nd period - Boone Jenner wins face-off versus Jimmy Vesey in Devils zone.
17:46 of 2nd period - Shot by James van Riemsdyk.
17:46 of 2nd period - Shot Blocked by Charlie McAvoy.
17:48 of 2nd period - Shot by Josh Manson.
17:48 of 2nd period - Shot Misses the Net.
17:50 of 2nd period - Shot by James van Riemsdyk.
17:50 of 2nd period - Shot Misses the Net.
17:52 of 2nd period - Shot by Josh Manson.
17:52 of 2nd period - Shot Misses the Net.
17:54 of 2nd period - Shot by Boone Jenner.
17:54 of 2nd period - Stopped by Braden Holtby with a rebound.
18:12 of 2nd period - Shot by Colin Wilson.
18:12 of 2nd period - Goal by Colin Wilson - Devils : 2 - Avalanches : 4.
18:13 of 2nd period - Derek Ryan wins face-off versus Sean Monahan in neutral zone.
18:39 of 2nd period - Shot by Derek Ryan.
18:39 of 2nd period - Stopped by Braden Holtby with a rebound.
18:49 of 2nd period - Shot by Rickard Rakell.
18:49 of 2nd period - Stopped by Robin Lehner with a rebound.
18:51 of 2nd period - Shot by Rickard Rakell.
18:51 of 2nd period - Shot Blocked by Adam Larsson.
18:53 of 2nd period - Shot by Tim Stutzle.
18:53 of 2nd period - Stopped by Robin Lehner without a rebound.
18:54 of 2nd period - Andreas Johnsson wins face-off versus Pavel Zacha in Avalanches zone.
18:59 of 2nd period - Shot by Tyler Johnson.
18:59 of 2nd period - Shot Misses the Net.
19:21 of 2nd period - Shot by Andreas Johnsson.
19:21 of 2nd period - Stopped by Robin Lehner with a rebound.
Goals for this period are 1 for Devils vs 3 for Avalanches.
Shots for this period are 11 for Devils vs 13 for Avalanches.

3rd period


0:01 of 3rd period - Boone Jenner wins face-off versus Nicolas Roy in neutral zone.
0:55 of 3rd period - James Neal is hit by Sean Monahan and loses puck.
1:16 of 3rd period - Shot by Sean Monahan.
1:16 of 3rd period - Shot Blocked by Alex Goligoski.
1:24 of 3rd period - Shot by Sean Monahan.
1:24 of 3rd period - Stopped by Robin Lehner without a rebound.
1:25 of 3rd period - Pavel Zacha wins face-off versus Jason Spezza in Avalanches zone.
1:36 of 3rd period - Shot by Pius Suter.
1:36 of 3rd period - Deflect By Pavel Zacha.
1:36 of 3rd period - Shot Misses the Net.
1:38 of 3rd period - Shot by T.J. Oshie.
1:38 of 3rd period - Shot Misses the Net.
1:46 of 3rd period - Shot by Pavel Zacha.
1:46 of 3rd period - Shot Misses the Net.
1:48 of 3rd period - Shot by John Moore.
1:48 of 3rd period - Stopped by Braden Holtby without a rebound.
1:48 of 3rd period - Minor Penalty to Johnny Boychuk for Cross-checking.
1:49 of 3rd period - Nicolas Roy wins face-off versus Pavel Zacha in Devils zone.
1:49 of 3rd period - Charlie McAvoy is hit by Pavel Zacha and loses puck.
1:56 of 3rd period - Shot by Pavel Zacha.
1:56 of 3rd period - Shot Misses the Net.
1:58 of 3rd period - Shot by Pavel Zacha.
1:58 of 3rd period - Shot Blocked by Travis Dermott.
2:00 of 3rd period - Shot by Robert Hagg.
2:00 of 3rd period - Shot Misses the Net.
2:02 of 3rd period - Shot by Pavel Zacha.
2:02 of 3rd period - Deflect By Alex Galchenyuk.
2:02 of 3rd period - Stopped by Braden Holtby without a rebound.
2:03 of 3rd period - Boone Jenner wins face-off versus Sean Monahan in Devils zone.
2:08 of 3rd period - Shot by Pius Suter.
2:08 of 3rd period - Shot Misses the Net.
2:33 of 3rd period - Icing by Robert Hagg.
2:34 of 3rd period - Boone Jenner wins face-off versus Nicolas Roy in Avalanches zone.
2:36 of 3rd period - Icing by Robert Hagg.
2:37 of 3rd period - Pius Suter wins face-off versus Nicolas Roy in Avalanches zone.
3:01 of 3rd period - James van Riemsdyk is hit by Sean Monahan and loses puck.
4:07 of 3rd period - Shot by Eric Staal.
4:07 of 3rd period - Shot Misses the Net.
4:59 of 3rd period - Shot by Pius Suter.
4:59 of 3rd period - Stopped by Braden Holtby with a rebound.
5:07 of 3rd period - Shot by Pavel Zacha.
5:07 of 3rd period - Stopped by Braden Holtby without a rebound.
5:08 of 3rd period - Boone Jenner wins face-off versus Nicolas Roy in Devils zone.
5:11 of 3rd period - Shot by James van Riemsdyk.
5:11 of 3rd period - Shot Misses the Net.
5:21 of 3rd period - Shot by Mason Appleton.
5:21 of 3rd period - Shot Misses the Net.
5:23 of 3rd period - Shot by Mattias Janmark.
5:23 of 3rd period - Shot Misses the Net.
5:34 of 3rd period - Icing by Johnny Boychuk.
5:35 of 3rd period - Derek Ryan wins face-off versus Nicolas Roy in Devils zone.
5:38 of 3rd period - Shot by Colin Wilson.
5:38 of 3rd period - Deflect By Derek Ryan.
5:38 of 3rd period - Stopped by Braden Holtby without a rebound.
5:39 of 3rd period - Sean Monahan wins face-off versus Derek Ryan in Devils zone.
5:47 of 3rd period - Shot by Charlie McAvoy.
5:47 of 3rd period - Stopped by Robin Lehner without a rebound.
5:48 of 3rd period - Pavel Zacha wins face-off versus Sean Monahan in Avalanches zone.
5:48 of 3rd period - Pavel Zacha is hit by Rickard Rakell.
5:54 of 3rd period - Shot by Tim Stutzle.
5:54 of 3rd period - Shot Misses the Net.
5:56 of 3rd period - Shot by Charlie McAvoy.
5:56 of 3rd period - Stopped by Robin Lehner without a rebound.
5:57 of 3rd period - Pavel Zacha wins face-off versus Nicolas Roy in Avalanches zone.
6:36 of 3rd period - Shot by Mason Appleton.
6:36 of 3rd period - Stopped by Robin Lehner with a rebound.
6:47 of 3rd period - Icing by Pavel Zacha.
6:48 of 3rd period - Pavel Zacha wins face-off versus Sean Monahan in Avalanches zone.
7:21 of 3rd period - Shot by Boone Jenner.
7:21 of 3rd period - Stopped by Braden Holtby without a rebound.
7:22 of 3rd period - Derek Ryan wins face-off versus Jason Spezza in Devils zone.
7:31 of 3rd period - Shot by Colin Wilson.
7:31 of 3rd period - Stopped by Braden Holtby without a rebound.
7:32 of 3rd period - Nicolas Roy wins face-off versus Eric Staal in Devils zone.
7:32 of 3rd period - Nicolas Roy is hit by Alex Galchenyuk.
8:23 of 3rd period - Icing by Charlie McAvoy.
8:24 of 3rd period - Nicolas Roy wins face-off versus Pavel Zacha in Devils zone.
8:28 of 3rd period - Charlie McAvoy is hit by Robert Hagg and loses puck.
8:43 of 3rd period - Shot by Rickard Rakell.
8:43 of 3rd period - Shot Blocked by T.J. Oshie.
8:51 of 3rd period - Shot by Sean Monahan.
8:51 of 3rd period - Deflect By Rickard Rakell.
8:51 of 3rd period - Goal by Rickard Rakell - Devils : 3 - Avalanches : 4.
8:52 of 3rd period - Jason Spezza wins face-off versus Boone Jenner in neutral zone.
9:03 of 3rd period - Shot by Jason Spezza.
9:03 of 3rd period - Deflect By Tyler Johnson.
9:03 of 3rd period - Stopped by Robin Lehner without a rebound.
9:04 of 3rd period - Derek Ryan wins face-off versus Sean Monahan in Avalanches zone.
9:16 of 3rd period - Shot by Josh Morrissey.
9:16 of 3rd period - Stopped by Robin Lehner without a rebound.
9:17 of 3rd period - Pavel Zacha wins face-off versus Jason Spezza in Avalanches zone.
10:34 of 3rd period - Shot by Rickard Rakell.
10:34 of 3rd period - Shot Misses the Net.
10:53 of 3rd period - Icing by Josh Manson.
10:54 of 3rd period - Nicolas Roy wins face-off versus Boone Jenner in Avalanches zone.
10:55 of 3rd period - Shot by Josh Morrissey.
10:55 of 3rd period - Stopped by Robin Lehner with a rebound.
10:57 of 3rd period - Shot by Nicolas Roy.
10:57 of 3rd period - Stopped by Robin Lehner without a rebound.
10:58 of 3rd period - James Neal wins face-off versus Nicolas Roy in Avalanches zone.
10:58 of 3rd period - James Neal is hit by Mattias Janmark.
11:21 of 3rd period - Shot by Nicolas Roy.
11:21 of 3rd period - Shot Blocked by Josh Manson.
11:33 of 3rd period - Alex Goligoski is hit by Nicolas Roy and loses puck.
11:39 of 3rd period - Icing by Boone Jenner.
11:40 of 3rd period - Boone Jenner wins face-off versus Rickard Rakell in Avalanches zone.
12:06 of 3rd period - Shot by Sean Monahan.
12:06 of 3rd period - Goal by Sean Monahan - Devils : 4 - Avalanches : 4.
12:07 of 3rd period - Jason Spezza wins face-off versus Derek Ryan in neutral zone.
12:10 of 3rd period - Shot by Tyler Johnson.
12:10 of 3rd period - Shot Misses the Net.
12:33 of 3rd period - Andreas Johnsson is hit by Jarred Tinordi and loses puck.
13:01 of 3rd period - Icing by Robert Hagg.
13:02 of 3rd period - Sean Monahan wins face-off versus Pavel Zacha in Avalanches zone.
13:23 of 3rd period - Shot by Tim Stutzle.
13:23 of 3rd period - Shot Misses the Net.
13:35 of 3rd period - Shot by Tim Stutzle.
13:35 of 3rd period - Shot Blocked by John Moore.
13:37 of 3rd period - Shot by Matt Grzelcyk.
13:37 of 3rd period - Stopped by Robin Lehner with a rebound.
13:45 of 3rd period - Shot by Sean Monahan.
13:45 of 3rd period - Stopped by Robin Lehner without a rebound.
13:46 of 3rd period - Nicolas Roy wins face-off versus Boone Jenner in Avalanches zone.
14:44 of 3rd period - Johnny Boychuk is hit by James Neal and loses puck.
14:54 of 3rd period - Minor Penalty to Travis Dermott for Boarding.
14:55 of 3rd period - Nicolas Roy wins face-off versus Pavel Zacha in Devils zone.
15:09 of 3rd period - Alex Galchenyuk is hit by Matt Grzelcyk and loses puck.
15:14 of 3rd period - Shot by Robert Hagg.
15:14 of 3rd period - Shot Blocked by Charlie McAvoy.
15:16 of 3rd period - Shot by Derek Ryan.
15:16 of 3rd period - Deflect By Pavel Zacha.
15:16 of 3rd period - Shot Misses the Net.
15:24 of 3rd period - Shot by Alex Galchenyuk.
15:24 of 3rd period - Shot Misses the Net.
16:35 of 3rd period - Icing by Pavel Zacha.
16:36 of 3rd period - Pavel Zacha wins face-off versus Nicolas Roy in Avalanches zone.
16:56 of 3rd period - Shot by Andreas Johnsson.
16:56 of 3rd period - Stopped by Robin Lehner without a rebound.
16:57 of 3rd period - Jason Spezza wins face-off versus Eric Staal in Avalanches zone.
17:13 of 3rd period - Shot by Eric Staal.
17:13 of 3rd period - Shot Misses the Net.
17:15 of 3rd period - Shot by Nick Bjugstad.
17:15 of 3rd period - Shot Misses the Net.
17:53 of 3rd period - Off-side.
17:54 of 3rd period - Boone Jenner wins face-off versus Sean Monahan in neutral zone.
18:13 of 3rd period - Shot by James van Riemsdyk.
18:13 of 3rd period - Shot Misses the Net.
19:00 of 3rd period - Travis Dermott is hit by Colin Wilson and loses puck.
19:01 of 3rd period - Minor Penalty to Ryan Donato for Cross-checking.
19:02 of 3rd period - Pavel Zacha wins face-off versus Jason Spezza in Avalanches zone.
Goals for this period are 2 for Devils vs 0 for Avalanches.
Shots for this period are 13 for Devils vs 7 for Avalanches.

Overtime #1


0:01 of 1st overtime period - Sean Monahan wins face-off versus Pavel Zacha in neutral zone.
0:06 of 1st overtime period - Shot by Rickard Rakell.
0:06 of 1st overtime period - Shot Misses the Net.
0:08 of 1st overtime period - Shot by Sean Monahan.
0:08 of 1st overtime period - Shot Blocked by Josh Manson.
0:10 of 1st overtime period - Shot by Charlie McAvoy.
0:10 of 1st overtime period - Stopped by Robin Lehner without a rebound.
0:11 of 1st overtime period - Derek Ryan wins face-off versus Nicolas Roy in Avalanches zone.
1:09 of 1st overtime period - Shot by T.J. Oshie.
1:09 of 1st overtime period - Shot Blocked by Charlie McAvoy.
2:06 of 1st overtime period - Off-side.
2:07 of 1st overtime period - Boone Jenner wins face-off versus Nicolas Roy in neutral zone.
2:36 of 1st overtime period - Shot by Boone Jenner.
2:36 of 1st overtime period - Stopped by Braden Holtby without a rebound.
2:37 of 1st overtime period - Sean Monahan wins face-off versus T.J. Oshie in Devils zone.
2:46 of 1st overtime period - Shot by Sean Monahan.
2:46 of 1st overtime period - Shot Misses the Net.
3:06 of 1st overtime period - Shot by Sean Monahan.
3:06 of 1st overtime period - Goal by Sean Monahan - Devils : 5 - Avalanches : 4.
Goals for this period are 1 for Devils vs 0 for Avalanches.
Shots for this period are 2 for Devils vs 1 for Avalanches.